[Event "Titled Tuesday Blitz July 11 Early 2023"]
[White "Mayaud, Raphael"]
[Black "Girya, Olga"]
[WhiteFideId "627151"]
[BlackFideId "4195752"]
[WhiteElo "2377"]
[BlackElo "2540"]
[Result "0-1"]
[Round "10"]
[TimeControl "180+2"]
[Date "2023.07.11"]
[WhiteClock "0:00:11"]
[BlackClock "0:00:28"]
[Board "119"]

1. d4 Nf6 2. Bg5 d5 3. Bxf6 gxf6 4. c4 dxc4 5. e3 e5 6. Bxc4 Nc6 7. Ne2 Rg8 8. O-O Bd6 9. Ng3 Bg4 10. Qb3 Na5 11. Bxf7+ Kf8 12. Qc3 Kxf7 13. Qxa5 h5 14. h3 Be6 15. d5 Bd7 16. e4 h4 17. Nf5 Bxf5 18. exf5 Qd7 19. Kh1 Qxf5 20. Nc3 Rxg2 21. Kxg2 Rg8+ 22. Kh2 e4+ 23. f4 exf3+ 24. Kh1 Qxh3# 0-1


[Site "https://www.chess.com"]

[Event "Titled Tuesday Blitz July 11 Early 2023"]
[White "Ionescu, Mihai"]
[Black "Seletsky, Grigory"]
[WhiteFideId "1202499"]
[BlackFideId "14112191"]
[WhiteElo "2534"]
[BlackElo "2373"]
[Result "0-1"]
[Round "10"]
[TimeControl "180+2"]
[Date "2023.07.11"]
[WhiteClock "0:00:31"]
[BlackClock "0:02:09"]
[Board "120"]

1. Nf3 d5 2. g3 c6 3. Bg2 Nf6 4. O-O h6 5. a3 Bf5 6. d3 e6 7. Nfd2 Be7 8. Qe1 Bh7 9. Kh1 O-O 10. h3 Nbd7 11. e4 a5 12. f4 a4 13. Nc3 b5 14. g4 Nc5 15. e5 Nfd7 16. Nf3 Re8 17. Nd4 Qc7 18. Bd2 f6 19. Nxe6 Nxe6 20. Nxd5 cxd5 21. Bxd5 Nf8 22. f5 Rad8 23. Ba5 Qc5 24. Bxe6+ Nxe6 25. fxe6 Qd5+ 26. Kh2 Rc8 27. exf6 Rxc2+ 0-1


[Site "https://www.chess.com"]

[Event "Titled Tuesday Blitz July 11 Early 2023"]
[White "Bogaudinov, Rushan"]
[Black "Manukian, Artak"]
[WhiteFideId "4129288"]
[BlackFideId "13301373"]
[WhiteElo "2346"]
[BlackElo "2475"]
[Result "1-0"]
[Round "10"]
[TimeControl "180+2"]
[Date "2023.07.11"]
[WhiteClock "0:00:18"]
[BlackClock "0:00:00"]
[Board "121"]

1. d4 d5 2. Nf3 Nf6 3. e3 Bg4 4. Be2 e6 5. h3 Bh5 6. O-O c5 7. a3 Nc6 8. dxc5 Bxc5 9. b4 Be7 10. Bb2 O-O 11. Nbd2 Rc8 12. c4 Bg6 13. Qb3 a5 14. b5 Nb8 15. a4 Nbd7 16. cxd5 Bc2 17. Qa2 Nxd5 18. Rac1 Nb4 19. Qa1 Bf6 20. Nd4 Bg6 21. Bf3 Rxc1 22. Rxc1 Nd3 23. Rd1 N7c5 24. Bc3 b6 25. Nc6 Bxc3 26. Qxc3 Qf6 27. Qxf6 gxf6 28. Ra1 Ne5 29. Nxe5 fxe5 30. Nc4 e4 31. Be2 Rb8 32. g4 Kf8 33. h4 h6 34. h5 Bh7 35. Kg2 Ke7 36. Kg3 f5 37. Kh4 fxg4 38. Bxg4 Bg8 39. Bd1 Nd7 40. Bc2 Rc8 41. Bb3 e5 42. Rc1 Be6 43. Kg3 Nc5 44. Nd2 Rg8+ 45. Kh2 Bxb3 46. Nxb3 Nxb3 47. Rc6 Nc5 48. Rxb6 Nxa4 49. Rxh6 Nc3 50. Ra6 a4 51. b6 Rh8 52. Kg3 1-0


[Site "https://www.chess.com"]

[Event "Titled Tuesday Blitz July 11 Early 2023"]
[White "Wang2007"]
[Black "Rodriguez Fontecha, Marcos"]
[BlackFideId "2256576"]
[WhiteElo "2308"]
[BlackElo "2437"]
[Result "1-0"]
[Round "10"]
[TimeControl "180+2"]
[Date "2023.07.11"]
[WhiteClock "0:01:36"]
[BlackClock "0:00:19"]
[Board "122"]

1. d4 Nf6 2. c4 c5 3. d5 b5 4. Qc2 bxc4 5. e4 d6 6. Bxc4 g6 7. Nf3 Bg7 8. Bd2 O-O 9. Bc3 Ba6 10. Nbd2 Bxc4 11. Nxc4 Nbd7 12. O-O Rb8 13. Rad1 Ng4 14. Bxg7 Kxg7 15. Qc3+ Kg8 16. h3 Ngf6 17. e5 dxe5 18. Nfxe5 Nxe5 19. Nxe5 Qb6 20. b3 Rbc8 21. Rfe1 Rfd8 22. Nc4 Qc7 23. d6 Qc6 24. dxe7 Rxd1 25. Rxd1 Ne8 26. Rd8 Rc7 27. Qe5 f6 28. Rxe8+ 1-0


[Site "https://www.chess.com"]

[Event "Titled Tuesday Blitz July 11 Early 2023"]
[White "Vaglio Munoz, Jaime"]
[Black "Mmukka"]
[WhiteFideId "6500145"]
[WhiteElo "2281"]
[BlackElo "2435"]
[Result "0-1"]
[Round "10"]
[TimeControl "180+2"]
[Date "2023.07.11"]
[WhiteClock "0:00:34"]
[BlackClock "0:00:12"]
[Board "123"]

1. Nf3 Nf6 2. c4 g6 3. b3 Bg7 4. Bb2 O-O 5. g3 d6 6. d4 Nbd7 7. Bg2 c5 8. d5 Ng4 9. Bxg7 Kxg7 10. O-O Nge5 11. Nbd2 Nxf3+ 12. Nxf3 Nf6 13. Qd2 Qc7 14. Rfe1 e5 15. dxe6 Bxe6 16. e4 Rad8 17. Qc3 Qe7 18. Nh4 Kg8 19. f4 Bc8 20. Re2 Nh5 21. Rae1 Nxf4 22. Rf2 Nxg2 23. Kxg2 Qe5 24. Qf3 f5 25. Qe3 fxe4 26. Qxe4 Rxf2+ 27. Kxf2 Rf8+ 28. Kg2 Qb2+ 29. Re2 Qf6 30. Nf3 Kg7 31. Nd2 Rf7 32. Rf2 Qxf2+ 33. Kh1 Qf5 34. Qe2 Be6 35. Kg2 Qe5 36. Qd3 Bf5 37. Qf1 Re7 38. Kg1 Qe3+ 39. Qf2 Qxf2+ 40. Kxf2 Bd3 41. Nf3 Re2+ 42. Kg1 Rxa2 43. Ng5 Bf5 44. h3 Kf6 45. Nf3 h5 46. g4 hxg4 47. hxg4 Bxg4 48. Ne1 Bf5 49. Nf3 Rb2 50. Kf1 Rxb3 51. Nd2 Rb2 52. Nf3 a5 53. Ke1 a4 54. Nd2 a3 55. Nb3 Rxb3 56. Kd2 a2 57. Ke2 a1=Q 58. Kf2 Qa2+ 59. Ke1 Rb1# 0-1


[Site "https://www.chess.com"]

[Event "Titled Tuesday Blitz July 11 Early 2023"]
[White "Magallanes, Rey Jomar"]
[Black "Avila Jimenez, Xavier"]
[WhiteFideId "5205948"]
[BlackFideId "2210533"]
[WhiteElo "2273"]
[BlackElo "2419"]
[Result "1-0"]
[Round "10"]
[TimeControl "180+2"]
[Date "2023.07.11"]
[WhiteClock "0:01:14"]
[BlackClock "0:00:55"]
[Board "124"]

1. e4 d5 2. exd5 Qxd5 3. Nf3 Bg4 4. Be2 Nf6 5. d4 Nc6 6. c4 Qf5 7. Nc3 O-O-O 8. Be3 e6 9. h3 Bxf3 10. Bxf3 g5 11. Bxc6 bxc6 12. Qa4 Kd7 13. O-O-O Rb8 14. d5 exd5 15. cxd5 Bd6 16. dxc6+ Ke7 17. g4 Qf3 18. Bxg5 Rb4 19. Qxa7 Bf4+ 20. Bxf4 Qxf4+ 21. Rd2 Rhb8 22. Qc5+ Ke8 23. Re1+ Ne4 24. Nxe4 Rxe4 25. Rxe4+ Qxe4 26. Qe3 Qxe3 27. fxe3 Rb6 28. Rc2 Ke7 29. b3 Kd6 30. Kb2 Ke5 31. Rc4 Rb8 32. Rd4 Rb6 33. Rd7 Rxc6 34. Rxf7 h6 35. Rf4 Rd6 36. Rc4 Rd2+ 37. Rc2 Rd3 38. Rxc7 1-0


[Site "https://www.chess.com"]

[Event "Titled Tuesday Blitz July 11 Early 2023"]
[White "Melikhov, Evgeny V."]
[Black "HeinichessPY"]
[WhiteFideId "4122046"]
[WhiteElo "2419"]
[BlackElo "2166"]
[Result "1-0"]
[Round "10"]
[TimeControl "180+2"]
[Date "2023.07.11"]
[WhiteClock "0:01:18"]
[BlackClock "0:00:12"]
[Board "125"]

1. d4 Nf6 2. c4 c5 3. d5 b5 4. cxb5 a6 5. b6 g6 6. Nc3 Bg7 7. a4 Qxb6 8. a5 Qa7 9. e4 d6 10. Nf3 O-O 11. Be2 Nbd7 12. O-O Rb8 13. Nd2 Ne8 14. Nc4 Nc7 15. Bg5 Re8 16. Na4 Nb5 17. h4 Nd4 18. h5 Ne5 19. h6 Bh8 20. Bd2 Nxe2+ 21. Qxe2 Nxc4 22. Qxc4 Bd7 23. Rfe1 Bxa4 24. Rxa4 Rxb2 25. Ra2 Reb8 26. Rxb2 Rxb2 27. Bc3 Rc2 28. Qa4 1-0


[Site "https://www.chess.com"]

[Event "Titled Tuesday Blitz July 11 Early 2023"]
[White "Omariev, Maksim"]
[Black "Tqebuchava, Zurab"]
[WhiteFideId "4193423"]
[BlackFideId "13601113"]
[WhiteElo "2404"]
[BlackElo "2084"]
[Result "1-0"]
[Round "10"]
[TimeControl "180+2"]
[Date "2023.07.11"]
[WhiteClock "0:00:43"]
[BlackClock "0:00:00"]
[Board "126"]

1. g4 g6 2. h4 h5 3. g5 Bg7 4. Bg2 d5 5. d4 c6 6. c3 Bf5 7. Nf3 Be4 8. Bf4 Bxf3 9. Bxf3 e6 10. Nd2 Ne7 11. e4 dxe4 12. Nxe4 Nf5 13. Qe2 Nd7 14. O-O-O O-O 15. Kb1 a5 16. Bxh5 gxh5 17. Qxh5 a4 18. Rdg1 a3 19. Nf6+ Nxf6 20. gxf6 Qb6 21. b3 Qb5 22. c4 Qb4 23. Rxg7+ Nxg7 24. Qg5 1-0


[Site "https://www.chess.com"]

[Event "Titled Tuesday Blitz July 11 Early 2023"]
[White "Gyulamiryan-koryun"]
[Black "cedchass2006"]
[WhiteElo "1844"]
[BlackElo "2390"]
[Result "1-0"]
[Round "10"]
[TimeControl "180+2"]
[Date "2023.07.11"]
[WhiteClock "0:00:19"]
[BlackClock "0:00:11"]
[Board "127"]

1. e4 e5 2. f4 d5 3. exd5 exf4 4. Qf3 Bd6 5. d4 c6 6. Bxf4 cxd5 7. Bxd6 Qxd6 8. Bb5+ Bd7 9. Bxd7+ Nxd7 10. Nc3 Ngf6 11. Nge2 O-O 12. O-O Rfe8 13. Rae1 Qb6 14. Nxd5 Nxd5 15. Qxd5 Nf6 16. Qb3 Qd6 17. h3 Rac8 18. c3 Ne4 19. Qxf7+ Kh8 20. Nf4 Rf8 21. Qxb7 Ng3 22. Rf3 Rb8 23. Qe7 Qh6 24. Ne6 Rxf3 25. gxf3 Qg6 26. Qxg7+ Qxg7 27. Nxg7 Kxg7 28. Re7+ Kg6 29. b3 a5 30. Kg2 Nf5 31. Re6+ Kf7 32. Ra6 Rc8 33. Rxa5 Kg6 34. Rc5 Re8 35. Kf2 Ra8 36. a4 Kg5 37. h4+ Kf4 38. h5 Rg8 39. a5 Rg5 40. a6 Rxh5 41. a7 Rh2+ 42. Kg1 Kg3 43. a8=Q Rg2+ 44. Kf1 Ne3+ 45. Ke1 Nc2+ 46. Kd1 Ne3+ 47. Kc1 Rg1+ 48. Kb2 Rg2+ 49. Ka3 Nc2+ 50. Kb2 Nxd4+ 51. Ka3 Nc2+ 52. Ka4 Ne3 53. Kb5 Rb2 54. Rg5+ Kf4 55. Qe4+ Kxg5 56. Qxe3+ Kg6 57. b4 h5 58. Qe6+ Kg5 59. c4 Rf2 60. Qe5+ Kh4 61. Qf6+ Kh3 62. Qf5+ Kh4 63. Qf4+ Kh3 64. Qe3 Rg2 65. f4+ Rg3 66. Qe6+ Kg2 67. f5 h4 68. f6 h3 69. f7 Rf3 70. Qg4+ Kf2 71. Qxf3+ Kxf3 72. f8=Q+ Kg2 73. Qg7+ Kh1 74. c5 h2 75. Qa1+ Kg2 76. c6 h1=Q 77. Qxh1+ Kxh1 78. c7 Kg2 79. c8=Q Kf2 80. Qe6 Kf3 81. Kc6 Kf4 82. b5 Kg5 83. b6 Kf4 84. b7 1-0


[Site "https://www.chess.com"]

[Event "Titled Tuesday Blitz July 11 Early 2023"]
[White "Dwilewicz, Katarzyna"]
[Black "Bobkov, Vadim"]
[WhiteFideId "1148486"]
[BlackFideId "34110876"]
[WhiteElo "2281"]
[BlackElo "2584"]
[Result "1-0"]
[Round "10"]
[TimeControl "180+2"]
[Date "2023.07.11"]
[WhiteClock "0:00:52"]
[BlackClock "0:00:00"]
[Board "128"]

1. e4 c5 2. Nf3 g6 3. c3 Bg7 4. d4 cxd4 5. cxd4 d5 6. e5 a6 7. h3 Nc6 8. Nc3 f6 9. exf6 Nxf6 10. Bg5 O-O 11. Bd3 Qd6 12. O-O Nh5 13. Re1 e6 14. Bf1 Bd7 15. Rc1 Rf7 16. Na4 Raf8 17. Be2 Nf4 18. Bxf4 Rxf4 19. Nc5 Nxd4 20. Nxd7 Qxd7 21. Nxd4 Bxd4 22. Bf3 Rxf3 23. gxf3 e5 24. Kg2 Qf5 25. Qb3 Qg5+ 26. Kf1 e4 27. Rcd1 Bxf2 28. Qxd5+ Qxd5 29. Rxd5 Bxe1 30. Kxe1 exf3 31. Kf2 Kg7 32. b4 Rf7 33. a4 h6 34. h4 Kh7 35. Rd6 1-0


[Site "https://www.chess.com"]

[Event "Titled Tuesday Blitz July 11 Early 2023"]
[White "Xavier_mompel"]
[Black "Safin, Robert"]
[BlackFideId "34189120"]
[WhiteElo "2259"]
[BlackElo "2532"]
[Result "0-1"]
[Round "10"]
[TimeControl "180+2"]
[Date "2023.07.11"]
[WhiteClock "0:00:00"]
[BlackClock "0:00:02"]
[Board "129"]

1. e4 e6 2. d4 d5 3. Nc3 h6 4. e5 c5 5. dxc5 Nc6 6. Nf3 Bxc5 7. Bd3 Nge7 8. O-O a6 9. Qe2 Bd7 10. Bf4 Qc7 11. Bg3 g5 12. h3 Nd4 13. Nxd4 Bxd4 14. Nd1 Nc6 15. Re1 O-O-O 16. c3 Ba7 17. a4 f5 18. b4 f4 19. Bh2 Ne7 20. b5 a5 21. c4 Kb8 22. Rc1 Bc8 23. Nb2 Qc5 24. cxd5 Qxd5 25. Be4 Qd2 26. Nc4 Qxe2 27. Rxe2 Nd5 28. Bxd5 exd5 29. Nxa5 d4 30. Nc4 d3 31. Rd2 Bc5 32. Rcd1 Bf5 33. g4 Bg6 34. Nd6 Bxd6 35. exd6 Rxd6 36. f3 Rd4 37. Ra1 Rc8 38. Kf2 Rc2 39. Ke1 Rdc4 40. Bg1 Rxd2 41. Kxd2 Rc2+ 42. Ke1 Rg2 43. Kf1 Rb2 44. Bd4 Rc2 45. Be5+ Kc8 46. Ke1 Kd7 47. Kd1 Ke6 48. Bg7 Rh2 0-1


[Site "https://www.chess.com"]

[Event "Titled Tuesday Blitz July 11 Early 2023"]
[White "rionelG"]
[Black "Thecourseoisildur"]
[WhiteElo "2257"]
[BlackElo "2524"]
[Result "0-1"]
[Round "10"]
[TimeControl "180+2"]
[Date "2023.07.11"]
[WhiteClock "0:00:42"]
[BlackClock "0:00:17"]
[Board "130"]

1. e4 c5 2. g3 d5 3. exd5 Qxd5 4. Nf3 Bg4 5. Bg2 Qe6+ 6. Kf1 Nc6 7. h3 Bh5 8. d3 Qd7 9. Nc3 Nf6 10. g4 Bg6 11. Bf4 e6 12. Ne5 Nxe5 13. Bxe5 Be7 14. Qf3 O-O 15. Qxb7 Qxb7 16. Bxb7 Rab8 17. Bxb8 Rxb8 18. Bf3 Rxb2 19. Rc1 c4 20. dxc4 Bb4 21. Nb5 Bxc2 22. Kg2 Bc5 23. Nc3 Bd3 24. Na4 Rxf2+ 25. Kg3 Be3 26. Rc3 Rd2 27. Nc5 Bxc5 28. Rb3 g5 29. Rd1 Bd6# 0-1


[Site "https://www.chess.com"]

[Event "Titled Tuesday Blitz July 11 Early 2023"]
[White "Kiselev, Pavel"]
[Black "Sebag, Marie"]
[WhiteFideId "4191102"]
[BlackFideId "617822"]
[WhiteElo "2250"]
[BlackElo "2512"]
[Result "0-1"]
[Round "10"]
[TimeControl "180+2"]
[Date "2023.07.11"]
[WhiteClock "0:01:37"]
[BlackClock "0:01:19"]
[Board "131"]

1. Nf3 Nf6 2. c4 e6 3. d4 d5 4. e3 c5 5. cxd5 exd5 6. Nc3 Nc6 7. Be2 Be7 8. O-O O-O 9. b3 b6 10. Bb2 Bb7 11. Qd2 Ne4 12. Nxe4 dxe4 13. Ne1 cxd4 14. exd4 Nb4 15. a3 Nd5 16. Nc2 f5 17. Bc4 Kh8 18. Rae1 a6 19. Ne3 Bg5 20. Qe2 Nf4 21. Qc2 Rc8 22. Qb1 b5 23. Be2 Nxe2+ 24. Rxe2 f4 25. Ng4 f3 26. Rc2 Bf4 27. g3 Qg5 28. Ne5 Bxe5 29. dxe5 Qg4 30. Rxc8 Rxc8 31. Kh1 e3 32. Qd3 Qh3 33. Rg1 exf2 34. Rb1 Qg2# 0-1


[Site "https://www.chess.com"]

[Event "Titled Tuesday Blitz July 11 Early 2023"]
[White "slidingknight2775"]
[Black "Kiseleva, Arina"]
[BlackFideId "4164989"]
[WhiteElo "2482"]
[BlackElo "2194"]
[Result "1-0"]
[Round "10"]
[TimeControl "180+2"]
[Date "2023.07.11"]
[WhiteClock "0:00:09"]
[BlackClock "0:00:00"]
[Board "132"]

1. Nf3 Nf6 2. g3 d5 3. Bg2 c6 4. c4 dxc4 5. O-O Nbd7 6. a4 a5 7. Na3 Nb6 8. Qc2 g6 9. Nxc4 Bf5 10. d3 Nxc4 11. Qxc4 Bg7 12. Bf4 O-O 13. Be5 Be6 14. Qd4 Qxd4 15. Nxd4 Bg4 16. h3 Bd7 17. Nb3 Rab8 18. Bxb8 Rxb8 19. Nxa5 Nd5 20. Nc4 Nb4 21. a5 Be6 22. Rfc1 h5 23. Bf1 Na6 24. e3 Nc5 25. Ra3 Na6 26. d4 c5 27. dxc5 Nxc5 28. b4 Nd7 29. b5 Rc8 30. Rd1 Nc5 31. a6 bxa6 32. bxa6 Ra8 33. Nb6 Ra7 34. Rd8+ Kh7 35. Ra8 Rxa8 36. Nxa8 Be5 37. a7 Bd6 38. Nb6 Bd5 39. Nxd5 1-0


[Site "https://www.chess.com"]

[Event "Titled Tuesday Blitz July 11 Early 2023"]
[White "Balla, Tamas-Kristof"]
[Black "Novikova, Margarita"]
[WhiteFideId "1208497"]
[BlackFideId "14109689"]
[WhiteElo "2431"]
[BlackElo "2192"]
[Result "0-1"]
[Round "10"]
[TimeControl "180+2"]
[Date "2023.07.11"]
[WhiteClock "0:00:20"]
[BlackClock "0:01:14"]
[Board "133"]

1. e4 d5 2. exd5 Qxd5 3. Nc3 Qd6 4. d4 Nf6 5. Nf3 c6 6. Ne5 Nbd7 7. Nc4 Qc7 8. g3 Nb6 9. Bf4 Qd8 10. Ne5 e6 11. Bg2 Bd6 12. O-O Qc7 13. Ne4 Nxe4 14. Bxe4 Nd5 15. Qg4 Nxf4 16. gxf4 g6 17. Bg2 f6 18. Nd3 e5 19. Qe2 Bf5 20. dxe5 fxe5 21. fxe5 Be7 22. Rad1 O-O 23. Rfe1 Bh4 24. e6 Bxd3 25. Qxd3 Bxf2+ 26. Kh1 Bxe1 27. Rxe1 Qe7 28. Qb3 Rad8 29. c3 Kg7 30. Qc4 Rf2 31. h3 Rdd2 32. Be4 Rh2+ 33. Kg1 Qg5+ 34. Kf1 Qf4+ 35. Kg1 Qf2# 0-1


[Site "https://www.chess.com"]

[Event "Titled Tuesday Blitz July 11 Early 2023"]
[White "Schachpanda_Youtube"]
[Black "Llanos, Guillermo"]
[BlackFideId "100358"]
[WhiteElo "2185"]
[BlackElo "2375"]
[Result "1-0"]
[Round "10"]
[TimeControl "180+2"]
[Date "2023.07.11"]
[WhiteClock "0:00:50"]
[BlackClock "0:00:00"]
[Board "134"]

1. e4 Nf6 2. e5 Nd5 3. d4 d6 4. c4 Nb6 5. f4 dxe5 6. fxe5 Bf5 7. Nc3 e6 8. Be3 Bb4 9. Nf3 c5 10. Bd3 Bxd3 11. Qxd3 cxd4 12. Nxd4 Nc6 13. O-O-O O-O 14. Nxc6 Qxd3 15. Rxd3 bxc6 16. b3 Nd7 17. Rxd7 Bxc3 18. Bd4 Bxd4 19. Rxd4 f6 20. Rd6 fxe5 21. Rxe6 Rf2 22. Rd1 Rxa2 23. Rxc6 Rxg2 24. Rc7 1-0


[Site "https://www.chess.com"]

[Event "Titled Tuesday Blitz July 11 Early 2023"]
[White "Barbot, Pierre"]
[Black "Roque Sola, Gisela"]
[WhiteFideId "663727"]
[BlackFideId "5120241"]
[WhiteElo "2344"]
[BlackElo "2154"]
[Result "1-0"]
[Round "10"]
[TimeControl "180+2"]
[Date "2023.07.11"]
[WhiteClock "0:00:29"]
[BlackClock "0:00:22"]
[Board "135"]

1. d4 Nf6 2. c4 g6 3. Nc3 d5 4. cxd5 Nxd5 5. e4 Nxc3 6. bxc3 Bg7 7. Bc4 O-O 8. Ne2 c5 9. O-O Nc6 10. Be3 cxd4 11. cxd4 Qa5 12. Qc1 Rd8 13. Rd1 Bd7 14. Rb1 Rac8 15. Rxb7 Nb4 16. Rxd7 Rxd7 17. Bxf7+ Kxf7 18. Qxc8 Rc7 19. Qg4 Qxa2 20. d5 Bf6 21. Bh6 Qa6 22. Nf4 Qd6 23. h4 Qd7 24. Ne6 Rb7 25. h5 a5 26. hxg6+ hxg6 27. Rc1 a4 28. Nd8+ Qxd8 29. Qe6+ Ke8 30. Rc8 a3 31. Qg8+ Kd7 32. Qxd8# 1-0


[Site "https://www.chess.com"]

[Event "Titled Tuesday Blitz July 11 Early 2023"]
[White "Fernandez, Michael"]
[Black "Hrescak, Ivana"]
[WhiteFideId "5803560"]
[BlackFideId "14613441"]
[WhiteElo "2341"]
[BlackElo "2153"]
[Result "1-0"]
[Round "10"]
[TimeControl "180+2"]
[Date "2023.07.11"]
[WhiteClock "0:00:10"]
[BlackClock "0:00:29"]
[Board "136"]

1. c4 e5 2. g3 c6 3. d4 e4 4. Nc3 d5 5. Bg2 Nf6 6. Bg5 Be6 7. Qb3 Qb6 8. Qxb6 axb6 9. Bxf6 gxf6 10. cxd5 cxd5 11. e3 Bb4 12. Ne2 Nc6 13. O-O Kd7 14. f3 f5 15. g4 exf3 16. Bxf3 fxg4 17. Bxd5 Rae8 18. Bxe6+ fxe6 19. Ne4 Ref8 20. Kg2 Ke7 21. a3 Bd6 22. N2c3 Na5 23. Nxd6 Kxd6 24. Ne4+ Ke7 25. Rac1 Rc8 26. Kg3 h5 27. Kh4 Nc4 28. Rc3 b5 29. b3 Nxa3 30. Rxc8 Rxc8 31. Kxh5 Nc2 32. Rc1 Rc6 33. Nf2 Nxe3 34. Rxc6 bxc6 35. Nxg4 Nc2 36. Ne5 Kd6 37. Nf3 Kd5 38. Kg6 Nxd4 39. Nxd4 Kxd4 40. h4 e5 41. h5 e4 42. h6 e3 43. h7 e2 44. h8=Q+ Kd3 45. Qh1 Kd2 46. Qh6+ Kd1 47. Qh5 Kd2 48. Qg5+ Kd1 49. Qg4 Kd2 50. Qd4+ Kc2 51. Qe3 Kd1 52. Qd3+ Ke1 53. b4 Kf1 54. Kf5 Kf2 55. Qd2 Kf3 56. Qe1 Ke3 57. Ke5 Kd3 58. Kd6 Ke3 59. Kxc6 Kf3 60. Kxb5 Ke3 61. Kc6 Kd3 62. b5 Kc4 63. b6 Kb3 64. b7 Ka4 65. b8=Q Ka3 66. Qa1# 1-0


[Site "https://www.chess.com"]

[Event "Titled Tuesday Blitz July 11 Early 2023"]
[White "Mangialardo, Tiago Carvalho"]
[Black "Fajdetic, Hrvoje"]
[WhiteFideId "2130718"]
[BlackFideId "14501945"]
[WhiteElo "2144"]
[BlackElo "2323"]
[Result "1/2-1/2"]
[Round "10"]
[TimeControl "180+2"]
[Date "2023.07.11"]
[WhiteClock "0:00:03"]
[BlackClock "0:00:03"]
[Board "137"]

1. e4 c5 2. Nf3 a6 3. c3 d5 4. exd5 Qxd5 5. d4 e6 6. Bd3 Nc6 7. O-O Nf6 8. Na3 cxd4 9. Nc4 Bc5 10. b4 Ba7 11. a4 dxc3 12. b5 Nb4 13. Be2 axb5 14. axb5 Bxf2+ 15. Kxf2 Rxa1 16. Qb3 Qc5+ 17. Be3 Ng4+ 18. Kg3 Nxe3 19. Rxa1 Nf5+ 20. Kh3 O-O 21. g4 Nh6 22. Qxc3 Nd5 23. Qd4 Qxd4 24. Nxd4 e5 25. Nxe5 Re8 26. Ra8 Nf4+ 27. Kg3 Nxe2+ 28. Nxe2 f6 29. Nc4 Rxe2 30. Rxc8+ Kf7 31. Nd6+ Ke6 32. Nxb7 Re3+ 33. Kf2 Nxg4+ 34. Kg2 Ne5 35. Nc5+ Kf5 36. b6 Re2+ 37. Kg3 Rb2 38. b7 g5 39. b8=Q Rxb8 40. Rxb8 h5 41. Re8 h4+ 42. Kg2 Ng6 43. Nd7 Nf4+ 44. Kf3 g4+ 45. Kf2 Nd5 46. Rf8 Kg5 47. Ke2 g3 48. hxg3 hxg3 49. Kf3 f5 50. Kxg3 f4+ 51. Kf3 Ne7 52. Rxf4 Ng6 53. Rg4+ Kh6 54. Nf6 Ne5+ 55. Kf4 Nxg4 1/2-1/2


[Site "https://www.chess.com"]

[Event "Titled Tuesday Blitz July 11 Early 2023"]
[White "AndresDelgado77"]
[Black "cycygogne"]
[WhiteElo "2296"]
[BlackElo "2122"]
[Result "1-0"]
[Round "10"]
[TimeControl "180+2"]
[Date "2023.07.11"]
[WhiteClock "0:00:53"]
[BlackClock "0:00:28"]
[Board "138"]

1. Nc3 c5 2. Nf3 g6 3. d4 Bg7 4. dxc5 Na6 5. Be3 Nf6 6. Bd4 O-O 7. a3 Qc7 8. b4 b6 9. Be5 Qb7 10. cxb6 Qxb6 11. e3 d6 12. Bxf6 Bxf6 13. Nd5 Qc6 14. Nxf6+ exf6 15. Qd4 Qxc2 16. Bd3 Qc7 17. Qxf6 Be6 18. Bxa6 1-0


[Site "https://www.chess.com"]

[Event "Titled Tuesday Blitz July 11 Early 2023"]
[White "Clawitter, Craig"]
[Black "Winkels, Marcel"]
[WhiteFideId "2023105"]
[BlackFideId "1003887"]
[WhiteElo "2294"]
[BlackElo "2114"]
[Result "1-0"]
[Round "10"]
[TimeControl "180+2"]
[Date "2023.07.11"]
[WhiteClock "0:01:24"]
[BlackClock "0:01:19"]
[Board "139"]

1. e4 c5 2. Nf3 e6 3. d4 cxd4 4. Nxd4 Nc6 5. Nc3 Qc7 6. Be3 a6 7. Qd2 Nf6 8. O-O-O Be7 9. f3 Nxd4 10. Qxd4 b5 11. g4 Bb7 12. g5 Nh5 13. Be2 b4 14. Na4 Rc8 15. Rd2 d6 16. f4 g6 17. Qxh8+ Bf8 18. Bxh5 gxh5 19. Qxh7 Bc6 20. Nb6 Rb8 21. g6 Bxe4 22. gxf7+ Ke7 23. Qxe4 1-0


[Site "https://www.chess.com"]

[Event "Titled Tuesday Blitz July 11 Early 2023"]
[White "Blokhin, Sofia"]
[Black "Johnson, Ben"]
[WhiteFideId "4508190"]
[BlackFideId "2010917"]
[WhiteElo "2289"]
[BlackElo "2118"]
[Result "1-0"]
[Round "10"]
[TimeControl "180+2"]
[Date "2023.07.11"]
[WhiteClock "0:00:36"]
[BlackClock "0:00:01"]
[Board "140"]

1. e4 c5 2. Nf3 g6 3. d4 cxd4 4. Nxd4 Nf6 5. Nc3 Nc6 6. Be3 Bg7 7. Nb3 a5 8. Na4 d6 9. Nb6 Rb8 10. f3 O-O 11. Nxc8 Qxc8 12. a4 Ne5 13. Nxa5 b6 14. Nb3 Nc4 15. Bxc4 Qxc4 16. Qd3 Qc6 17. Nd4 Qd7 18. O-O Rfc8 19. Rfc1 Nh5 20. c3 Be5 21. Qb5 Qb7 22. g3 Ng7 23. Rcb1 h5 24. a5 Rc5 25. a6 Rxb5 26. axb7 Rc5 27. Ra8 d5 28. f4 Bc7 29. Rba1 Kh7 30. Rxb8 Bxb8 31. Ra8 Bc7 32. Rc8 dxe4 33. Rxc7 Rxc7 34. b8=Q 1-0


[Site "https://www.chess.com"]

[Event "Titled Tuesday Blitz July 11 Early 2023"]
[White "Mikhaylova, Irina"]
[Black "abelmat"]
[WhiteFideId "4109040"]
[WhiteElo "2282"]
[BlackElo "1973"]
[Result "1/2-1/2"]
[Round "10"]
[TimeControl "180+2"]
[Date "2023.07.11"]
[WhiteClock "0:01:05"]
[BlackClock "0:01:34"]
[Board "141"]

1. Nf3 Nf6 2. d4 d5 3. c4 e6 4. Nc3 Be7 5. Bg5 Nbd7 6. e3 h6 7. Bh4 O-O 8. Qc2 a6 9. a3 dxc4 10. Bxc4 b5 11. Ba2 Bb7 12. Rd1 Bxf3 13. gxf3 Rc8 14. b4 c6 15. O-O Nd5 16. Bg3 a5 17. Nxd5 cxd5 18. Qb2 axb4 19. axb4 Nb6 20. Rb1 Nc4 21. Bxc4 bxc4 22. b5 Bd6 23. Bxd6 Qxd6 24. Qb4 Qd8 25. b6 Rb8 26. b7 Qg5+ 27. Kh1 Qh5 28. Kg2 Qg5+ 29. Kh1 Qh5 30. Kg2 Qg5+ 31. Kh1 1/2-1/2


[Site "https://www.chess.com"]

[Event "Titled Tuesday Blitz July 11 Early 2023"]
[White "Glavina, Pablo"]
[Black "UgarteCesar"]
[WhiteFideId "100234"]
[WhiteElo "2360"]
[BlackElo "2238"]
[Result "1/2-1/2"]
[Round "10"]
[TimeControl "180+2"]
[Date "2023.07.11"]
[WhiteClock "0:00:26"]
[BlackClock "0:00:14"]
[Board "142"]

1. e4 c5 2. Nc3 Nc6 3. f4 g6 4. Nf3 Bg7 5. Bb5 Nd4 6. O-O a6 7. Bd3 e6 8. Ne2 Nc6 9. Ng3 Nge7 10. e5 f5 11. Be2 d5 12. d4 cxd4 13. Nxd4 Nxd4 14. Qxd4 Nc6 15. Qd1 O-O 16. Qe1 b5 17. Bd2 Bb7 18. Bf3 Rf7 19. Ne2 Rc8 20. h4 h5 21. c3 d4 22. cxd4 Nxd4 23. Bxb7 Rxb7 24. Nxd4 Qxd4+ 25. Be3 Qxb2 26. Qg3 Kf7 27. Bf2 Rd7 28. Rfb1 Qc3 29. Rc1 Qxg3 30. Bxg3 Rc4 31. Rxc4 bxc4 32. Rc1 Rc7 33. Kf2 Bf8 34. Ke3 Bc5+ 35. Kd2 Bb4+ 36. Ke3 Ke7 37. Kd4 c3 38. Be1 Rd7+ 39. Kc4 a5 40. Bxc3 Bxc3 41. Rxc3 Rd2 42. Ra3 Rxg2 43. Rxa5 Rg4 44. Ra7+ Kd8 45. Kc5 Rxf4 46. Kd6 Kc8 47. Kxe6 Rxh4 48. Kf6 Re4 49. e6 f4 50. e7 f3 51. Ra8+ Kd7 52. Ra7+ Kc8 53. Ra8+ Kd7 54. Rd8+ Kc7 55. Rd1 g5 56. Kxg5 Rxe7 57. Kxh5 Re2 58. Rf1 f2 59. Kg4 Rxa2 1/2-1/2


[Site "https://www.chess.com"]

[Event "Titled Tuesday Blitz July 11 Early 2023"]
[White "Szente Varga, Fruzsina"]
[Black "Thiel, Thomas"]
[WhiteFideId "712264"]
[BlackFideId "4615964"]
[WhiteElo "2307"]
[BlackElo "2217"]
[Result "0-1"]
[Round "10"]
[TimeControl "180+2"]
[Date "2023.07.11"]
[WhiteClock "0:01:45"]
[BlackClock "0:02:25"]
[Board "143"]

1. e4 d5 2. exd5 Nf6 3. Nc3 Nxd5 4. Nxd5 Qxd5 5. d4 Nc6 6. Nf3 Bg4 7. c3 O-O-O 8. Be2 e5 9. dxe5 Qxd1+ 10. Bxd1 Nxe5 11. Bf4 Nd3+ 12. Kf1 Nxf4 13. Bb3 Be6 14. c4 Bc5 15. a3 Nd3 16. Ng5 Nxf2 17. Nxe6 fxe6 18. Rg1 Rd2 0-1


[Site "https://www.chess.com"]